 Dungeon Crawl Stone Soup version 0.20.0 (webtiles) character file.

191 Firecrotchwizard the Chopper (level 5, 0/47 HPs)
             Began as a Minotaur Berserker on May 26, 2017.
             Was a Believer of Trog.
             Succumbed to Sigmund's poison
             ... on level 2 of the Dungeon.
             The game lasted 00:02:18 (1177 turns).

Firecrotchwizard the Chopper (Minotaur Berserker)   Turns: 1177, Time: 00:02:18

Health: 0/47       AC:  9    Str: 20 (21) XL:     5   Next: 42%
Magic:  4/4        EV: 10    Int:  2 (4)  God:    Trog [**....]
Gold:   15         SH:  0    Dex:  8 (11) Spells: 4/4 levels left

rFire    . . .     SeeInvis .   a - +0 hand axe
rCold    . . .     Gourm    .   (no shield)
rNeg     . . .     Faith    .   m - +0 scale mail
rPois    .         Spirit   .   (helmet restricted)
rElec    .         Reflect  .   (no cloak)
rCorr    .         Harm     .   (no gloves)
MR       .....     Clarity  +   (no boots)
Stlth    ..........             (no amulet)
Regen    0.2/turn               (no ring)
MPRegen  0.1/turn               (no ring)

@: lethally poisoned (0 -> -9), flying
A: retaliatory headbutt, horns 2, iridescent scales 1, clarity
a: Berserk, Trog's Hand, Burn Spellbooks, Renounce Religion


You were on level 2 of the Dungeon.
You worshipped Trog.
Trog was pleased with you.
You were not hungry.

You visited 1 branch of the dungeon, and saw 2 of its levels.

You collected 15 gold pieces.

Inventory:

Hand Weapons
 a - a +0 hand axe (weapon)
Armour
 b - a +0 animal skin
 k - a +0 ring mail
 m - a +0 scale mail (worn)
Scrolls
 f - a scroll of enchant weapon {unknown}
 g - a scroll of remove curse {unknown}
 i - a scroll of immolation {unknown}
 j - 2 scrolls of identify {unknown}
 n - a scroll of magic mapping {unknown}
 o - a scroll of enchant armour {unknown}
Potions
 h - a potion of flight
Comestibles
 c - 3 bread rations
 l - 4 fruits


   Skills:
 + Level 4.7 Fighting
 * Level 5.6 Axes
 + Level 3.7 Armour
 + Level 3.1 Dodging


You had 4 spell levels left.
You didn't know any spells.

Dungeon Overview and Level Annotations

Branches:
Dungeon (2/15)

Altars:

Annotations:
D:2 Robin


Innate Abilities, Weirdness & Mutations

You reflexively headbutt those who attack you in melee.
You have a pair of horns on your head.
You are partially covered in iridescent scales. (AC +2)
You possess an exceptional clarity of mind.


Message History

It was a potion of mutation.
You feel extremely strange.
Iridescent scales grow over part of your body.
Your thoughts seem clearer.
* * * LOW HITPOINT WARNING * * *
You feel sick.
It was a potion of degeneration.
There was something very wrong with that liquid.
You feel weakened.
You feel dopey.
You feel clumsy.
* * * LOW HITPOINT WARNING * * *
You feel sick.
* * * LOW HITPOINT WARNING * * *
You feel sick.
You see here a dagger.
* * * LOW HITPOINT WARNING * * *
You feel sick.
* * * LOW HITPOINT WARNING * * *
You feel sick.
* * * LOW HITPOINT WARNING * * *
You feel sick.
You die...

#......####...#
##........ #
####.......#
#...........#
#.## ##.).#
#.#.###.).#
#.........#
#.......(.#
#......@#.#
##......#)#
#####'##.#
######.##.#
#...<#.##.#
#.####.##.#
#......##.#
#########.#


There were no monsters in sight!

Vanquished Creatures
  Sigmund (D:2)
  6 bats (D:1)
  6 goblins
  3 hobgoblins (D:1)
  4 jackals (D:1)
  A frilled lizard (D:1)
  4 kobolds
  4 rats
29 creatures vanquished.

Notes
Turn   | Place    | Note
-------+----------+-------------------------------------------
     0 | D:1      | Firecrotchwizard the Minotaur Berserker began the quest for the Orb.
     0 | D:1      | Reached XP level 1. HP: 19/19 MP: 0/0
   484 | D:1      | Reached XP level 2. HP: 27/27 MP: 1/1
   487 | D:1      | Reached skill level 4 in Axes
   897 | D:2      | Noticed Robin
   900 | D:2      | Reached ** piety under Trog
   904 | D:2      | Noticed Sigmund
   910 | D:1      | Reached XP level 3. HP: 15/33 MP: 2/2
  1168 | D:2      | Killed Sigmund
  1168 | D:2      | Reached skill level 5 in Axes
  1168 | D:2      | Reached XP level 4. HP: 9/41 MP: 3/3
  1168 | D:2      | Reached XP level 5. HP: 10/47 MP: 4/4
  1171 | D:2      | Gained mutation: You are partially covered in iridescent scales. (AC +2) [potion of mutation]
  1171 | D:2      | Gained mutation: You possess an exceptional clarity of mind. [potion of mutation]
  1174 | D:2      | HP: 2/47 [poisoned by Sigmund]
  1177 | D:2      | Succumbed to Sigmund's poison

Skill      XL: |  1  2  3 |
---------------+----------+-----
Axes           | 4 5 |  5.6
Fighting       | 4 |  4.7
Armour         | 3 |  3.7
Dodging        | 3 |  3.1

Action                   |  1- 3 |  4- 6 || total
-------------------------+-------+-------++-------
Melee: Hand axe          |    60 |       ||    60
       Headbutt          |     8 |       ||     8
Invok: Trog's Hand       |     1 |       ||     1
  Use: Potion            |       |     3 ||     3
 Stab: Sleeping          |     1 |       ||     1
  Eat: Chunk             |     1 |       ||     1
Armor: Animal skin       |     8 |       ||     8
       Ring mail         |    13 |       ||    13
       Scale mail        |    12 |       ||    12
Dodge: Dodged            |    40 |       ||    40
